 Dungeon Crawl Stone Soup version 0.27.1-4-g1640c2035a (webtiles) character file.

Game seed: 7347017231578565970

9058 Crownlay the Thaumaturge (level 11, -7/95 HPs)
             Began as a Red Draconian Conjurer on Oct 31, 2021.
             Was a Follower of Vehumet.
             Mangled by a skeletal warrior (25 damage)
             ... on level 11 of the Dungeon.
             The game lasted 00:30:18 (14941 turns).

Crownlay the Thaumaturge (Red Draconian Conjurer)  Turns: 14941, Time: 00:30:19

Health: -7/95      AC:  7    Str: 11    XL:     11   Next: 18%
Magic:  11/26      EV: 12    Int: 21    God:    Vehumet [*.....]
Gold:   479        SH:  0    Dex:  9    Spells: 29/32 levels left

rFire    + . .     SeeInvis .   n - staff of conjuration
rCold    . . .     Faith    .   (no shield)
rNeg     . . .     Spirit   .   (armour unavailable)
rPois    .         Reflect  .   (helmet restricted)
rElec    .         Harm     .   (no cloak)
rCorr    +         Rampage  .   (no gloves)
Will     .....                  (no boots)
Stlth    ++........             (no amulet)
HPRegen  0.25/turn              u - ring of flight
MPRegen  0.20/turn              C - ring of resist corrosion

@: flying
A: breathe fire, AC +7, unfitting armour, fire resistance 1, cold-blooded
a: Breathe Fire, Renounce Religion


You were on level 11 of the Dungeon.
You worshipped Vehumet.
Vehumet was aware of your devotion.
You visited 2 branches of the dungeon, and saw 12 of its levels.
You also visited: Ossuary.

You collected 579 gold pieces.
You spent 100 gold pieces at shops.

Inventory:

Hand Weapons
 a - a +0 dagger
Missiles
 v - 5 curare-tipped darts
Magical Staves
 f - a staff of cold
 g - a staff of fire
 k - a staff of air
 n - a staff of conjuration (weapon)
Jewellery
 u - a ring of flight (left hand)
 C - a ring of resist corrosion (right hand)
Wands
 o - a wand of acid (47)
 s - a wand of iceblast (7)
 w - a wand of polymorph (3)
Scrolls
 h - 2 scrolls of identify
 i - 2 scrolls of amnesia
 j - 7 scrolls of teleportation
 l - a scroll of fear
 m - a scroll of noise
 t - 2 scrolls of magic mapping
 y - a scroll of immolation
 B - a scroll of torment
Potions
 b - 3 potions of degeneration
 c - a potion of invisibility
 d - a potion of magic {unknown}
 e - 3 potions of attraction
 p - a potion of cancellation {unknown}
 q - 2 potions of curing
 r - 3 potions of heal wounds
 x - a potion of brilliance {unknown}
 z - a potion of lignification {unknown}
 A - a potion of flight {unknown}


   Skills:
 * Level 8.7 Fighting
 - Level 1.7 Dodging
 - Level 1.7 Stealth
 - Level 11.0 Spellcasting
 + Level 10.7 Conjurations


You had 29 spell levels left.
You knew the following spells:

 Your Spells              Type           Power      Damage    Failure   Level
a - Magic Dart            Conj           100%       1d8       1%          1
b - Searing Ray           Conj           100%       3d7       1%          2

Your spell library contained the following spells:

 Spells                   Type           Power      Damage    Failure   Level
 Foxfire                  Conj/Fire      100%       2x1d9     1%          1
 Dazzling Flash           Conj/Hex       100%       N/A       1%          3
 Mephitic Cloud           Conj/Pois/Air  40%        N/A       4%          3
 Beastly Appendage        Tmut           22%        N/A       6%          1
 Summon Small Mammal      Summ           44%        N/A       6%          1
 Fulminant Prism          Conj/Hex       25%        3d14      6%          4
 Iskenderun's Mystic Bla  Conj/Tloc      51%        2d11      6%          4
 Call Imp                 Summ           11%        N/A       9%          2
 Corpse Rot               Necr/Air       N/A        N/A       9%          2
 Poisonous Vapours        Pois/Air       22%        N/A       9%          2
 Wereblood                Tmut           11%        N/A       9%          2
 Call Canine Familiar     Summ           11%        N/A       17%         3
 Gell's Gravitas          Tloc           5%         N/A       17%         3
 Lesser Beckoning         Tloc           5%         N/A       17%         3
 Ozocubu's Armour         Ice            11%        N/A       17%         3
 Spider Form              Tmut/Pois      5%         N/A       17%         3
 Summon Guardian Golem    Hex/Summ       11%        N/A       17%         3
 Teleport Other           Tloc           11%        N/A       17%         3
 Freezing Cloud           Conj/Ice/Air   20%        6-21      36%         5
 Metabolic Englaciation   Hex/Ice        5%         N/A       85%         5
 Simulacrum               Ice/Necr       5%         N/A       100%        6


Dungeon Overview and Level Annotations

Branches:
Dungeon (11/15)            Temple (1/1) D:6             Orc (0/2) D:10
Ossuary (visited)
   Lair: D:8-11

Altars:
Ashenzari
Cheibriados
Dithmenos
Elyvilon
Fedhas
Gozag
Hepliaklqana
Kikubaaqudgha
Makhleb
Nemelex Xobeh
Okawaru
Qazlal
Ru
Sif Muna
Trog
Uskayaw
Vehumet
Wu Jian
Xom
Yredelemnul
Zin
The Shining One

Shops:
D:4 ?


Innate Abilities, Weirdness & Mutations

You can breathe blasts of fire.
Your fiery red scales are hard. (AC +7)
You cannot fit into any form of body armour.
Your flesh is heat resistant. (rF+)
You are cold-blooded and may be slowed by cold attacks.


Message History

Aiming: Searing Ray (safe; 1% risk of failure)
Press: ? - help, Shift-Dir - straight line, f/p - skeletal warrior
Aim: a skeletal warrior, wielding a +0 flail (heavily damaged, 83% to hit)
You feel a surge of power!
The searing ray hits the skeletal warrior!
The skeletal warrior is heavily damaged. (Press . to maintain the ray.)
The skeletal warrior hits you with a +0 flail!
The searing ray hits the skeletal warrior but does no damage.
The skeletal warrior is heavily damaged.
The skeletal warrior hits you with a +0 flail!
The searing ray hits the skeletal warrior!
The skeletal warrior is severely damaged.
The skeletal warrior hits you with a +0 flail!
The searing ray hits the skeletal warrior.
The skeletal warrior is severely damaged.
You finish channeling your searing ray.
The skeletal warrior misses you.
Casting: Searing Ray (safe; 1% risk of failure)
Confirm with . or Enter, or press ? or * to list all spells.
Aiming: Searing Ray (safe; 1% risk of failure)
Press: ? - help, Shift-Dir - straight line, f/p - skeletal warrior
Aim: a skeletal warrior, wielding a +0 flail (severely damaged, 83% to hit)
You feel a surge of power!
The searing ray hits the skeletal warrior but does no damage.
The skeletal warrior is severely damaged. (Press . to maintain the ray.)
The skeletal warrior hits you with a +0 flail!
The searing ray hits the skeletal warrior but does no damage.
The skeletal warrior is severely damaged.
The skeletal warrior hits you with a +0 flail!
* * * LOW HITPOINT WARNING * * *
The searing ray hits the skeletal warrior.
The skeletal warrior is almost destroyed.
The skeletal warrior hits you with a +0 flail!
* * * LOW HITPOINT WARNING * * *
The searing ray hits the skeletal warrior.
The skeletal warrior is almost destroyed.
You finish channeling your searing ray.
The skeletal warrior hits you with a +0 flail!!
You die...

#...#
########...##
#.....##....
###.....##..######
..................
#........#######
#####....#
#....z.#.#
#...@..#.#
#......#.#
#......+.#
#......###
#......# ########


You could see a skeletal warrior.

Vanquished Creatures
  A two-headed ogre (D:10)
  Urug (D:10)
  Sonja (D:10)
  A skeletal warrior (D:11)
  A hornet (D:9)
  4 wraiths
  A wyvern (D:7)
  A vampire (D:6)
  6 yaks (D:9)
  A water moccasin (D:6)
  3 black bears
  6 orc warriors
  2 sky beasts (D:5)
  2 centaurs (D:8)
  A necrophage (D:4)
  3 ice beasts (D:7)
  A kobold brigand (D:7)
  3 scorpions
  A wyvern skeleton (D:6)
  10 killer bees (D:9)
  4 howler monkeys (D:8)
  8 wights
  3 electric eels (D:8)
  2 centaur zombies
  A hound (D:7)
  5 jellies
  4 centaur skeletons
  5 orc priests
  5 iguanas
  2 gnoll shamans
  14 orc wizards
  A howler monkey zombie (D:5)
  10 adders
  17 gnolls
  A shadow imp (D:6)
  A white imp (D:3)
  2 ufetubi
  An adder skeleton (D:4)
  4 worms
  3 dart slugs
  40 orcs
  8 ball pythons
  5 endoplasms
  6 giant cockroaches
  A hobgoblin (D:2)
  2 jackals (D:3)
  16 kobolds
  5 quokkas
  A ball python skeleton (Ossuary)
  6 bats
  9 goblins
  3 hobgoblin skeletons (Ossuary)
  A hobgoblin zombie (Ossuary)
  3 kobold zombies (Ossuary)
  2 orc skeletons (Ossuary)
  4 rats
  2 rat zombies (D:4)
257 creatures vanquished.

Notes
Turn   | Place    | Note
-------+----------+-------------------------------------------
     0 | D:1      | Crownlay the Draconian Conjurer began the quest for the
                  | Orb.
     0 | D:1      | Reached XP level 1. HP: 14/14 MP: 3/3
   400 | D:1      | Reached XP level 2. HP: 20/20 MP: 3/5
   446 | D:1      | Learned a level 2 spell: Searing Ray
   763 | D:1      | Found a faded altar of an unknown god.
  1224 | D:2      | Reached XP level 3. HP: 24/26 MP: 1/7
  1245 | D:2      | Reached skill level 3 in Spellcasting
  2697 | D:3      | Reached XP level 4. HP: 33/33 MP: 0/9
  3638 | D:3      | Reached skill level 4 in Spellcasting
  3652 | D:3      | Reached XP level 5. HP: 29/38 MP: 1/11
  3827 | D:3      | Reached skill level 5 in Conjurations
  4328 | D:4      | Found Zog Lise's Magic Scroll Shoppe.
  4337 | D:4      | Bought a scroll of identify for 20 gold pieces
  4339 | D:4      | Bought a scroll of identify for 20 gold pieces
  4339 | D:4      | Bought a scroll of identify for 20 gold pieces
  4339 | D:4      | Bought a scroll of identify for 20 gold pieces
  4339 | D:4      | Bought a scroll of identify for 20 gold pieces
  4455 | D:4      | Found a shimmering blue altar of Sif Muna.
  4733 | D:4      | Found a blossoming altar of Fedhas.
  4743 | D:4      | Reached skill level 5 in Spellcasting
  4743 | D:4      | Reached XP level 6. HP: 27/45 MP: 5/13
  5153 | D:4      | Found an ancient bone altar of Kikubaaqudgha.
  5372 | D:4      | Reached skill level 6 in Spellcasting
  5372 | D:4      | Your scales start taking on a fiery red colour.
  5372 | D:4      | Reached XP level 7. HP: 50/50 MP: 7/16
  5372 | D:4      | Gained mutation: Your flesh is heat resistant. (rF+) [Red
                  | Draconian growth]
  5779 | D:5      | Entered Level 5 of the Dungeon
  6339 | D:5      | Reached skill level 7 in Spellcasting
  6518 | D:5      | Reached XP level 8. HP: 57/57 MP: 12/18
  7341 | D:6      | Reached skill level 8 in Spellcasting
  7977 | D:6      | Found a staircase to the Ecumenical Temple.
  8015 | Temple   | Entered the Ecumenical Temple
  8292 | D:6      | Reached skill level 9 in Spellcasting
  8663 | D:7      | Reached XP level 9. HP: 62/62 MP: 18/22
  9174 | D:7      | Found a sparkling altar of Nemelex Xobeh.
  9180 | D:7      | Found an opulent altar of Gozag.
 10011 | D:8      | Reached skill level 10 in Spellcasting
 10070 | D:8      | Found a sand-covered staircase.
 10084 | Ossuary  | Entered an ossuary
 11622 | D:8      | Reached skill level 1 in Fighting
 12266 | D:8      | Found an ornate altar of the Wu Jian Council.
 12275 | D:8      | Found a white marble altar of Elyvilon.
 12276 | D:8      | Found a shimmering altar of Xom.
 12276 | D:8      | Found a glowing golden altar of the Shining One.
 12278 | D:8      | Found an iron altar of Okawaru.
 12279 | D:8      | Found a radiant altar of Vehumet.
 12280 | D:8      | Found a hazy altar of Hepliaklqana.
 12283 | D:8      | Became a worshipper of Vehumet
 12322 | D:9      | Reached XP level 10. HP: 72/72 MP: 20/24
 12499 | D:9      | Paralysed by a hornet for 3 turns
 12507 | D:9      | Reached skill level 11 in Spellcasting
 12896 | D:9      | Found a broken altar of Ashenzari.
 12984 | D:9      | Reached * piety under Vehumet
 12984 | D:9      | Offered knowledge of Foxfire by Vehumet.
 12985 | D:9      | Reached skill level 5 in Fighting
 13447 | D:10     | Entered Level 10 of the Dungeon
 13447 | D:10     | Noticed Urug
 13460 | D:10     | Killed Urug
 13461 | D:10     | Reached skill level 10 in Conjurations
 13852 | D:10     | Noticed Sonja
 13860 | D:10     | Killed Sonja
 14020 | D:10     | Noticed a two-headed ogre
 14029 | D:10     | Killed a two-headed ogre
 14030 | D:10     | Reached XP level 11. HP: 65/94 MP: 15/26
 14613 | D:10     | Found a staircase to the Orcish Mines.
 14702 | D:11     | Noticed a skeletal warrior
 14718 | D:11     | Killed a skeletal warrior
 14922 | D:11     | Noticed a skeletal warrior
 14941 | D:11     | Mangled by a skeletal warrior

Illustrated notes

Levels and vault maps discovered:
D:1:      nicolae_arrival_somewhat_less_tricky_arrival, layout_basic,
          hellmonk_ecumenical_altar_pennies_from_heaven
D:2:      layout_rooms, ebering_dispersal_statue_hall, st_stairs_13,
          hangedman_abyss_or_decor_lesser_grid, small_statue_intersection,
          nrook_loot_triangle, chequers_big_river, minmay_misc_feat_cross
D:3:      minmay_thinvault, layout_rooms, serial_corexii_hall,
          chequers_hall_statues_corner_a, corexii_hall_statues_l,
          due_unseen_surprise
D:4:      layout_layer_cave, nicolae_overflow_hidden_temple,
          lemuel_zombie_altar_kikubaaqudgha, fedhas_ov_isle_minmay,
          serial_shops, shop_scrolls
D:5:      layout_cave_pods, minivault_23
D:6:      layout_loops_ring, minmay_temple_entry_poolview, dk_vineyard_3
D:7:      layout_gridville, nemelex_xobeh_ov_fountains_minmay,
          mainiacjoe_overflow_small_starburst
D:8:      layout_basic, minitemple, enter_ossuary_3, kennysheep_diamond
D:9:      layout_roguey, ashenzari_altar_1
D:10:     layout_cave_pools, david_orc_4, uniq_urug, uniq_sonja
D:11:     layout_basic, erik_lair_orcish_takeover,
          gammafunk_ghost_abyssal_escape, amethyst_killhole, patterned_corridor
Temple:   nicolae_temple_figure_zero

Skill      XL: |  1  2  3  4  5  6  7  8  9 10 |
---------------+-------------------------------+-----
Spellcasting   | 3 4 5 6 7 9 10 11 | 11.0
Conjurations   | 5 6 8 9 10 | 10.7
Fighting       | 1 8 |  8.7
Dodging        | |  1.7
Stealth        | |  1.7

Action                   |  1- 3 |  4- 6 |  7- 9 | 10-12 || total
-------------------------+-------+-------+-------+-------++-------
Melee: Unarmed           |     5 |       |       |       ||     5
       Tailslap          |     5 |     1 |       |     1 ||     7
       Dagger            |    20 |    23 |       |       ||    43
       Staff             |       |       |       |     2 ||     2
Throw: Dart              |       |       |       |     1 ||     1
       Throwing net      |       |       |       |     1 ||     1
 Cast: Magic Dart        |    81 |   102 |    79 |    41 ||   303
       Searing Ray       |     5 |    11 |    87 |    43 ||   146
 Abil: Breathe Fire      |       |       |     2 |     1 ||     3
  Use: Scroll            |       |     6 |     5 |     3 ||    14
       Potion            |       |       |       |     3 ||     3
Armor: Skin              |    15 |    15 |    26 |    31 ||    87
Dodge: Dodged            |    25 |    16 |    54 |    62 ||   157
